 Dungeon Crawl Stone Soup version 0.29-a0-284-gf9362112df (webtiles) character file.

Game seed: 17975255802270133787

9 spaghetti the Cutter (level 2, 23/23 HPs)
             Began as a Djinni Warper on Mar 26, 2022.
             Quit the game on level 1 of the Dungeon.
             The game lasted 00:00:43 (579 turns).

spaghetti the Cutter (Djinni Warper)                 Turns: 579, Time: 00:00:43

Health: 23/23      AC:  3    Str: 10    XL:     2   Next: 25%
Gold:   23         EV: 11    Int: 14    God:
                   SH:  0    Dex: 12

rFire   + + .      SeeInvis .   i - +1 short sword (freeze) {short}
rCold   x . .      Faith    .   (no shield)
rNeg    . . .      Spirit   .   b - +0 leather armour
rPois   ∞          Reflect  .   (no helmet)
rElec   .          Harm     .   (no cloak)
rCorr   .          Rampage  .   (no gloves)
Will    .....                   (boots unavailable)
Stlth   +.........              (no amulet)
HPRegen 0.07/turn               (no ring)
MPRegen 0.00/turn               (no ring)

@: flying
A: sickness immunity, fire resistance 2, cold vulnerability 1, float, innate
caster, HP casting, extra vitality 1
a: no special abilities


You were on level 1 of the Dungeon.
You visited 1 branch of the dungeon, and saw 1 of its levels.

You collected 23 gold pieces.


Innate Abilities, Weirdness & Mutations

You are immune to sickness and miasma.
You are immune to poison.
Your flesh is very heat resistant. (rF++)
You are vulnerable to cold. (rC-)
You float through the air rather than walking.
You learn spells naturally, not from books.
Your magical power is your life essence.
You have superior vitality. (+4 MHP)


   Skills:
 - Level 2.0 Fighting
 + Level 2.5 Short Blades
 - Level 0.7 Throwing
 - Level 1.0 Armour
 - Level 2.1 Dodging
 - Level 2.4 Spellcasting


You couldn't memorise any spells.
You knew the following spells:

 Your Spells              Type           Power      Damage    Failure   Level
a - Blink                 Tloc           16%        N/A       17%         2
b - Lesser Beckoning      Tloc           8%         N/A       34%         3
c - Gell's Gravitas       Tloc           8%         N/A       34%         3
d - Teleport Other        Tloc           8%         N/A       34%         3
e - Manifold Assault      Tloc           8%         N/A       97%         5
Your spell library was empty.

Inventory:

Hand Weapons
 a - a +0 short sword {short}
 i - a +1 short sword of freezing (weapon) {short}
   (You took it off a kobold on level 1 of the Dungeon)
Missiles
 d - 4 boomerangs of dispersal (quivered) {=f!fthrowing}
 g - 20 stones {throwing}
Armour
 b - a +0 leather armour (worn)
Magical Staves
 j - a staff of poison {!astaff}
   (You found it on level 1 of the Dungeon)
Scrolls
 c - a scroll of blinking {!r}
 f - a scroll of identify {unknown}
 h - 3 scrolls of enchant armour {unknown}
 n - a scroll of fear {unknown}
Potions
 e - a potion of invisibility {unknown}
 k - a potion of brilliance {unknown}
 l - 2 potions of flight {unknown}
 m - a potion of resistance {unknown}

Dungeon Overview and Level Annotations

Branches:
Dungeon (1/15)

Altars:

...#
######.##.♣.
#.#####
############.#
#............#
#.############
#.# #.# #.#
#@# #.# #.#
#.# #.# #.#
#r# #..


You could see a rat.


Message History

You kill the kobold!
You now have 23 gold pieces (gained 2).
You see here a +0 club {mace}.
i - a +1 short sword of freezing {short}
g - 20 stones {throwing} (gained 3)
You see here a kobold corpse.
Your +1 short sword of freezing {short} glows with a cold blue light!
i - a +1 short sword of freezing (weapon)
{short} Key pressed, stopping explore.
Things that are here:
a +0 whip {mace}; a kobold corpse; 😎 HP[+8]
Your hp is fully restored (18).
j - a staff of poison {!astaff}
k - a lumpy puce potion
Found a stone staircase leading down.
l - 2 sedimented brown potions
h - 3 scrolls labelled XOMARIONUE (gained 2)
m - an orange potion As you open the door, it creaks loudly!
No target in view!
No target in view!
There is an open door here.
A hobgoblin comes into view.
A hobgoblin is nearby!
A hobgoblin is nearby!
The hobgoblin closely misses you.
You hit the hobgoblin. You freeze the hobgoblin.
The hobgoblin hits you but does no damage.
You hit the hobgoblin. You freeze the hobgoblin.
You kill the hobgoblin!
No target in view!
No target in view!
No target in view!
No target in view!
No target in view!
No target in view!
No target in view!
No target in view!
No target in view!
No target in view!
No target in view!
No target in view!
You see here a hobgoblin corpse.
n - a scroll labelled QEARAM SO IKOMN You reach down and open the door.
A quokka comes into view.
There is an open door here.
A quokka is nearby!
You hit the quokka. You freeze the quokka.
You kill the quokka!
You have reached level 2! 😎 HP[+5]
You now have 23 max hp (+5).
Your hp is fully restored (23).
You reach down and open the door.
There is an open door here.
A giant cockroach comes into view.
A giant cockroach is nearby!
A giant cockroach is nearby!
The giant cockroach waves its antennae.
The giant cockroach bites you but does no damage.
You barely miss the giant cockroach. The giant cockroach barely misses you.
The giant cockroach bites you but does no damage.
You barely miss the giant cockroach. The giant cockroach closely misses you.
You completely miss the giant cockroach.
The giant cockroach closely misses you.
You hit the giant cockroach. You freeze the giant cockroach.
You kill the giant cockroach!
No target in view!
No target in view!
No target in view!
No target in view!
No target in view!
No target in view!
A kobold comes into view. It is wielding a +0 dagger.
A kobold is nearby!
A kobold is nearby!
The kobold shouts!
You hit the kobold. You freeze the kobold.
You kill the kobold!
No target in view!
No target in view!
No target in view!
No target in view!
No target in view!
No target in view!
No target in view!
No target in view!
No target in view!
No target in view!
No target in view!
No target in view!
Key pressed, stopping explore.
A rat comes into view.
A rat is nearby!
A rat is nearby!
Are you sure you want to abandon this character and quit the game? (Confirm with "yes".)
Okay, then.
Unknown command.
Unknown command.
Are you sure you want to abandon this character and quit the game? (Confirm with "yes".)

Skill      XL: |  1 |
---------------+----+-----
Short Blades   | 2 |  2.5
Fighting       | |  2.0
Throwing       | |  0.7
Armour         | |  1.0
Dodging        | |  2.1
Spellcasting   | |  2.4

Action                   || total
-------------------------++-------
Melee: Short sword       ||    19
Throw: Boomerang         ||     3
Armor: Leather armour    ||     5
Dodge: Dodged            ||    11

Levels and vault maps discovered:
D:1:      nzn_arrival_settlement, layout_basic

Notes
Turn   | Place    | Note
-------+----------+-------------------------------------------
     0 | D:1      | spaghetti the Djinni Warper began the quest for the Orb.
     0 | D:1      | Reached XP level 1. HP: 18/18 MP: 0/0
     0 | D:1      | magus.rc [v1.9.6]
   285 | D:1      | Reached skill level 2 in Short Blades
   508 | D:1      | Reached XP level 2. HP: 23/23 MP: 0/0
   579 | D:1      | Quit the game

Vanquished Creatures
  A giant cockroach (D:1)
  2 hobgoblins (D:1)
  3 kobolds (D:1)
  A quokka (D:1)
7 creatures vanquished.

Table legend:
 A = Non-vault XP
 B = Vault XP
 C = Vault XP percentage of total XP
 D = Non-vault monster count
 E = Vault monster count
 F = Vault count percentage of total count
                 A         B        C        D         E       F
            +---------+---------+-------+---------+---------+-------
      Total |      14 |       0 |   0.0 |       7 |       0 |   0.0
            +---------+---------+-------+---------+---------+-------
        D:1 |      14 |       0 |   0.0 |       7 |       0 |   0.0
            +---------+---------+-------+---------+---------+-------

Illustrated notes

Table legend:
 A = Kills in this place as a percentage of kills in entire the game.
 B = Kills by you in this place as a percentage of kills by you in the entire game.
 C = Kills by friends in this place as a percentage of kills by friends in the entire game.
 D = Other kills in this place as a percentage of other kills in the entire game.
 E = Experience gained in this place as a percentage of experience gained in the entire game.
 F = Experience gained in this place divided by the number of levels of this place that you have seen.
                   A       B       C       D       E      F
               +-------+-------+-------+-------+-------+----------------------
         Total | 100.0 | 100.0 |   N/A |   N/A | 100.0 |  14.0
       Dungeon | 100.0 | 100.0 |   N/A |   N/A | 100.0 |  14.0
               +-------+-------+-------+-------+-------+----------------------

Table legend: (Time is in decaauts)
 A = Elapsed time spent in this place.
 B = Non-inter-level travel time spent in this place.
 C = Inter-level travel time spent in this place.
 D = Time resting spent in this place.
 E = Time spent auto-exploring this place.
 F = Levels seen in this place.
 G = Mean time per level.
                   A        B        C        D        E       F      G
               +--------+--------+--------+--------+--------+-----+--------+
         Total |    579 |    579 |      0 |    190 |    321 |   1 |  579.0 |
       Dungeon |    579 |    579 |      0 |    190 |    321 |   1 |  579.0 |
               +--------+--------+--------+--------+--------+-----+--------+

Top non-repeatable levels by time:
     D:1: 579 daAuts
